 Dungeon Crawl Stone Soup version 0.23.2-1-ga50397a6bc (webtiles) character file.

Game seed: 2628723444443306838

61 Mrkan the Covered (level 4, -1/29 HPs)
             Began as a Gargoyle Fighter on May 18, 2019.
             Killed by nerve-wracking pain
             ... invoked by an orc priest
              (5 damage)
             ... on level 3 of the Dungeon.
             The game lasted 00:03:31 (1197 turns).

Mrkan the Covered (Gargoyle Fighter)                Turns: 1197, Time: 00:03:32

Health: -1/29      AC: 10    Str: 20    XL:     4   Next: 7%
Magic:  4/4        EV:  7    Int:  9    God:
Gold:   139        SH:  9    Dex:  9    Spells: 3/3 levels left

rFire    . . .     SeeInvis .   a - +0 flail
rCold    . . .     Gourm    .   c - +0 shield
rNeg     + . .     Faith    .   b - +0 scale mail
rPois    ∞         Spirit   .   (no helmet)
rElec    +         Reflect  .   (no cloak)
rCorr    .         Harm     .   (no gloves)
MR       .....                  (no boots)
Stlth    ..........             (no amulet)
HPRegen  0.09/turn              (no ring)
MPRegen  0.09/turn              (no ring)

@: no status effects
A: negative energy resistance 1, electricity resistance, unbreathing,
petrification resistance, rot immunity, AC +3
a: no special abilities


You were on level 3 of the Dungeon.
You were not hungry.

You visited 1 branch of the dungeon, and saw 3 of its levels.

You collected 139 gold pieces.

Inventory:

Hand Weapons
 a - a +0 flail (weapon)
Armour
 b - a +0 scale mail (worn)
 c - a +0 shield (worn)
 i - a +0 cloak
Wands
 j - a wand of paralysis (4)
Scrolls
 g - a scroll of enchant armour {unknown}
 h - a scroll of identify {unknown}
 k - a scroll of enchant weapon {unknown}
Potions
 d - a potion of might
 e - 2 potions of heal wounds {unknown}
Comestibles
 f - a ration


   Skills:
 + Level 3.7 Fighting
 * Level 3.1 Maces & Flails
 + Level 3.7 Armour
 + Level 3.7 Shields


You had 3 spell levels left.
You didn't know any spells.
Your spell library was empty.

Dungeon Overview and Level Annotations

Branches:
Dungeon (3/15)

Altars:


Innate Abilities, Weirdness & Mutations

You are resistant to torment.
Your stone body is resilient. (AC +3)
You are immune to poison.
You resist negative energy. (rN+)
You are resistant to electric shocks. (rElec)
You can survive without breathing.
You are immune to petrification.
You are immune to rotting.


Message History

The orc splashes around in the water.
Something hits you but does no damage.
You closely miss the orc priest.
The orc priest is moderately wounded.
The orc priest mumbles some strange prayers to Beogh against you.
Beogh smites you!
The orc splashes around in the water.
Something hits you but does no damage. The orc priest barely misses you.
You closely miss the orc priest.
The orc priest is moderately wounded.
The orc closely misses you.
You hear some strange, mumbled words.
A puff of frost appears from out of thin air!
The puff of frost hits you!
* * * LOW HITPOINT WARNING * * *
You block the orc priest's attack.
Something hits the plant but does no damage.
The orc priest hits you.
* * * LOW HITPOINT WARNING * * *
The orc priest mumbles some strange prayers to Beogh against you.
Pain shoots through your body!
You die...
PP♣≈P.# PP≈≈PP#

#PP≈≈≈# #.P≈PP# ##
#.P≈♣.# #... #..≈≈.#
#####.≈♣ ♣ #†≈P≈.#
##o.PP♣P≈≈≈
#..≈P.########.o†≈P≈P≈≈P
#.....##.....@.#♣≈≈r≈♣≈≈
##†.......######P♣≈≈≈≈≈≈≈
###.....##### ≈≈≈≈≈♣≈≈≈
.....>..# ♣≈≈≈PP≈≈≈
...#.#### ♣≈P♣≈≈≈≈≈
........##### .♣♣≈≈≈≈♣≈≈
............####..#
≈≈≈≈≈PP
..##.###.##......# ♣♣≈≈
.. #.# #.####.####


You could see an orc priest and an orc.

Vanquished Creatures
  An adder (D:3)
  An ooze (D:2)
  2 dart slugs (D:1)
  3 giant cockroaches
  5 goblins
  5 hobgoblins
  A quokka (D:2)
  A ball python (D:1)
  11 bats
  4 frilled lizards
  7 kobolds
  5 rats
46 creatures vanquished.

Notes
Turn   | Place    | Note
-------+----------+-------------------------------------------
     0 | D:1      | Mrkan the Gargoyle Fighter began the quest for the Orb.
     0 | D:1      | Reached XP level 1. HP: 14/14 MP: 1/1
   205 | D:1      | Reached XP level 2. HP: 19/19 MP: 2/2
   735 | D:2      | Reached XP level 3. HP: 23/23 MP: 3/3
  1123 | D:3      | Reached XP level 4. HP: 29/29 MP: 4/4
  1197 | D:3      | Killed from afar by an orc priest

Skill      XL: |  1  2  3 |
---------------+----------+-----
Maces & Flails | 3 |  3.1
Fighting       | |  3.7
Armour         | |  3.7
Shields        | |  3.7

Action                   |  1- 3 |  4- 6 || total
-------------------------+-------+-------++-------
Melee: Flail             |   162 |    19 ||   181
  Eat: Chunk             |       |     1 ||     1
Armor: Scale mail        |   111 |    12 ||   123
Dodge: Dodged            |    61 |     7 ||    68
Block: Shield            |   121 |    12 ||   133
